 Dungeon Crawl Stone Soup version 0.24-a0-515-gbe7f5e2e8d (webtiles) character file.

Game seed: 17097292752983490747

438 Greboboi the Sneak (level 7, -5/45 HPs)
             Began as an Octopode Assassin on July 21, 2019.
             Slain by Duvessa
             ... wielding a +0 short sword of draining
              (9 damage)
             ... on level 4 of the Dungeon.
             The game lasted 00:20:44 (3852 turns).

Greboboi the Sneak (Octopode Assassin)              Turns: 3852, Time: 00:20:45

Health: -5/45      AC:  1    Str: 10    XL:     7   Next: 1%
Magic:  7/7        EV: 13    Int: 13    God:
Gold:   90         SH:  0    Dex: 16    Spells: 6/6 levels left

rFire    . . .     SeeInvis .   v - +3 short sword (venom)
rCold    . . .     Gourm    .   (no shield)
rNeg     . . .     Faith    .   (helmet restricted)
rPois    .         Spirit   .   (no amulet)
rElec    .         Reflect  .   (no ring)
rCorr    .         Harm     .   (no ring)
MR       .....                  (no ring)
Stlth    ++++......             (no ring)
HPRegen  0.15/turn              (no ring)
MPRegen  0.10/turn              (no ring)
                                (no ring)
                                (no ring)

@: about to teleport, drained
A: almost no armour, stealthy swim, amphibious, 8 rings, constrict 8, camouflage
1, gelatinous body 1
a: no special abilities


You were on level 4 of the Dungeon.
You were not hungry.

You visited 1 branch of the dungeon, and saw 4 of its levels.

You collected 270 gold pieces.
You spent 180 gold pieces at shops.

Inventory:

Hand Weapons
 v - a +3 short sword of venom (weapon)
 x - a +0 hunting sling
 B - a +1 short sword of holy wrath
Missiles
 b - 29 poisoned darts (quivered)
 c - 2 curare-tipped darts
 j - 145 stones
 n - 3 javelins
 u - 17 arrows
Wands
 s - a wand of random effects (6)
Scrolls
 a - a scroll of noise
 e - a scroll of identify
 i - a scroll of enchant weapon {unknown}
 k - 2 scrolls of teleportation
 o - a scroll of blinking {unknown}
 p - a scroll of remove curse
 y - a scroll of magic mapping {unknown}
 A - a scroll of fog {unknown}
Potions
 f - 5 potions of heal wounds {unknown}
 g - a potion of magic {unknown}
 h - 2 potions of curing {unknown}
 l - a potion of degeneration {unknown}
 m - a potion of might {unknown}
 q - a potion of invisibility {unknown}
 r - a potion of mutation {unknown}
 t - a potion of flight {unknown}
 z - 2 potions of agility {unknown}
Comestibles
 d - 6 rations


   Skills:
 + Level 2.2(1.2) Fighting
 * Level 3.8(2.7) Short Blades
 + Level 4.6(3.5) Throwing
 + Level 1.9(0.9) Dodging
 + Level 7.6(6.5) Stealth


You had 6 spell levels left.
You didn't know any spells.
Your spell library was empty.

Dungeon Overview and Level Annotations

Branches:
Dungeon (4/15)
 Temple: D:4-7

Altars:
Nemelex Xobeh

Shops:
D:4 (

Annotations:
D:4 Duvessa


Innate Abilities, Weirdness & Mutations

You cannot wear most types of armour.
You are very stealthy in the water. (Stealth+)
You are amphibious.
You can wear up to eight rings at the same time.
You can use your tentacles to constrict eight enemies at once.
Your skin changes colour to match your surroundings (Stealth+).
Your rubbery body absorbs attacks. (AC +1, EV +1)


Message History

You hit Duvessa but do no damage.
Duvessa is poisoned.
You grab Duvessa.
You constrict Duvessa, but do no damage.
Duvessa closely misses you.
You release your grip on Duvessa.
Duvessa barely misses you.
Duvessa hits you with a +0 short sword of draining!
You feel drained.
You hit Duvessa.
Duvessa looks as sick as possible!
You grab Duvessa.
Duvessa is lightly wounded.
You constrict Duvessa, but do no damage.
Duvessa hits you with a +0 short sword of draining.
You feel drained.
You release your grip on Duvessa.
Duvessa hits you with a +0 short sword of draining!
* * * LOW HITPOINT WARNING * * *
You feel drained.
* * * LOW HITPOINT WARNING * * *
As you read the scroll of teleportation, it crumbles to dust.
You feel strangely unstable.
Duvessa hits you with a +0 short sword of draining!
You die...

#......... ..[....
##..#.#.#.#.#.#.#.# ###
#..................
#.#####..#.#.#.#.#.#.#.#.
#........................
#.......#.#.#.#.#.#.#.#)#
#........................
#......#e#.#.#.#.#.#.#.#.
.#.......@................
#.........#.#.#.#.#.#.#.#.#
####.......................
#.......#.#.#.#.#.#.#.#.
##......................
#.......#.#.#.#.#.#.#.#
##.....................
#.......#.#.#.#.#.#.#.
##.....#.............#


You could see Duvessa (berserk).

Vanquished Creatures
  A phantom (D:4)
  Dowan (D:4)
  An orc wizard (D:3)
  2 iguanas
  Terence (D:3)
  Robin (D:3)
  8 adders
  2 adder skeletons (D:4)
  2 worms
  3 dart slugs
  3 leopard geckos
  2 orcs (D:3)
  A ball python (D:1)
  5 giant cockroaches
  15 goblins
  13 hobgoblins
  5 jackals
  10 kobolds
  2 quokkas
  3 bats
  7 frilled lizards
  A jackal skeleton (D:4)
  6 rats
95 creatures vanquished.

Notes
Turn   | Place    | Note
-------+----------+-------------------------------------------
     0 | D:1      | Greboboi the Octopode Assassin began the quest for the Orb.
     0 | D:1      | Reached XP level 1. HP: 14/14 MP: 1/1
   134 | D:1      | Reached XP level 2. HP: 12/19 MP: 2/2
   301 | D:1      | Reached skill level 6 in Stealth
   898 | D:2      | Reached XP level 3. HP: 24/24 MP: 3/3
  1402 | D:2      | Reached XP level 4. HP: 29/29 MP: 4/4
  1709 | D:2      | Found a sparkling altar of Nemelex Xobeh.
  2359 | D:3      | Reached XP level 5. HP: 18/34 MP: 5/5
  2851 | D:3      | Noticed Terence
  2858 | D:3      | Killed Terence
  2906 | D:3      | Reached skill level 7 in Stealth
  2918 | D:3      | Reached XP level 6. HP: 39/39 MP: 6/6
  3135 | D:3      | Noticed Robin
  3136 | D:3      | Killed Robin
  3502 | D:4      | Found Dipyst's Antique Weapon Boutique.
  3551 | D:4      | Bought a glowing short sword for 180 gold pieces
  3582 | D:4      | Noticed a phantom
  3621 | D:4      | Killed a phantom
  3836 | D:4      | Noticed Dowan
  3840 | D:4      | Noticed Duvessa
  3841 | D:4      | Killed Dowan
  3841 | D:4      | Reached XP level 7. HP: 45/45 MP: 7/7
  3852 | D:4      | Slain by Duvessa

Levels and vault maps discovered:
D:1:      grunt_arrival_lava_bath, layout_loops_ring, nrook_mini_vaults,
          hangedman_abyss_or_decor_lesser_grid
D:2:      layout_loops_corners, nicolae_overflow_hidden_temple,
          minmay_pentomino_u4
D:3:      kennysheep_goblin_castle, layout_rooms, uniq_terence
D:4:      layout_cave_pods, first_ration, serial_shops, shop, hex_large,
          uniq_duvessa

Skill      XL: |  1  2  3  4  5 |
---------------+----------------+-----
Stealth        | 6 7 |  7.6
Throwing       | 3 4 |  4.6
Short Blades   | 3 |  3.8
Fighting       | |  2.2
Dodging        | |  1.9

Action                   |  1- 3 |  4- 6 |  7- 9 || total
-------------------------+-------+-------+-------++-------
Melee: Dagger            |    35 |    97 |       ||   132
       Constrict         |     9 |    24 |     2 ||    35
       Tentacles         |     6 |    23 |       ||    29
       Short sword       |       |    13 |     2 ||    15
Throw: Dart              |    65 |    34 |       ||    99
       Stone             |     5 |       |       ||     5
  Use: Scroll            |       |     4 |     1 ||     5
 Stab: Sleeping          |     3 |    12 |       ||    15
       Distracted        |       |     2 |       ||     2
  Eat: Chunk             |     1 |     8 |       ||     9
Armor: Skin              |     3 |     9 |       ||    12
Dodge: Dodged            |    27 |    70 |     3 ||   100

Table legend:
 A = Non-vault XP
 B = Vault XP
 C = Vault XP percentage of total XP
 D = Non-vault monster count
 E = Vault monster count
 F = Vault count percentage of total count
                 A         B        C        D         E       F
            +---------+---------+-------+---------+---------+-------
      Total |     442 |     184 |  29.4 |      70 |      25 |  26.3
            +---------+---------+-------+---------+---------+-------
        D:1 |      33 |       0 |   0.0 |      19 |       0 |   0.0
        D:2 |      47 |      29 |  38.2 |      19 |       3 |  13.6
        D:3 |     181 |      88 |  32.7 |      25 |      21 |  45.7
        D:4 |     181 |      67 |  27.0 |       7 |       1 |  12.5
            +---------+---------+-------+---------+---------+-------
